 Dungeon Crawl Stone Soup version 0.19.0 (webtiles) character file.

508 Gargoyl the Covered (level 6, -12/48 HPs)
             Began as a Demonspawn Abyssal Knight on Nov 1, 2016.
             Was a Believer of Lugonu.
             Mangled by an ogre
             ... wielding a +0 giant club
              (22 damage)
             ... on level 4 of the Dungeon on Nov 2, 2016.
             The game lasted 00:06:15 (3321 turns).

Gargoyl the Covered (Demonspawn Abyssal Knight)     Turns: 3321, Time: 00:06:16

Health: -12/48     AC: 10    Str: 14    XL:     6   Next: 98%
Magic:  9/9        EV:  6    Int: 14    God:    Lugonu [**....]
Gold:   133        SH:  0    Dex: 12    Spells: 0 memorised, 5 levels left

rFire  . . .     SeeInvis .     v - +0 war axe
rCold  . . .     Gourm    .     f - +1 chain mail
rNeg   . . .     Faith    +     (no shield)
rPois  .         Spirit   .     (helmet restricted)
rElec  .         Reflect  .     (no cloak)
rCorr  .         Harm     .     (no gloves)
MR     .....                    (no boots)
Stlth  ..........               d - amulet of faith
                                (no ring)
                                (no ring)

@: no status effects
A: antennae 1, nightstalker 1, spiny 1
a: Depart the Abyss, Bend Space, Renounce Religion


You were on level 4 of the Dungeon.
You worshipped Lugonu.
Lugonu was pleased with you.
You were not hungry.

You visited 1 branch of the dungeon, and saw 4 of its levels.
You visited the Abyss 1 time.

You collected 217 gold pieces.
You spent 84 gold pieces at shops.

Inventory:

Hand Weapons
 a - a +1 hand axe
 v - a +0 war axe (weapon)
Armour
 f - a +1 chain mail (worn)
Jewellery
 d - an amulet of faith (around neck)
Wands
 e - a wand of lightning (11/15)
 o - a wand of polymorph (10/24)
Scrolls
 h - a scroll of remove curse
 k - 2 scrolls of identify
Potions
 g - a potion of curing {unknown}
 i - 3 potions of agility {unknown}
 m - a potion of might {unknown}
 n - 3 potions of haste {unknown}
 t - a potion of heal wounds {unknown}
 u - a potion of ambrosia {unknown}
Comestibles
 b - a royal jelly
 c - 3 bread rations
 j - 3 fruits
 l - a meat ration


   Skills:
 + Level 3.7 Fighting
 + Level 4.0 Axes
 * Level 4.7 Armour
 + Level 1.2 Dodging
 * Level 4.3 Invocations


You had 5 spell levels left.
You didn't know any spells.

Dungeon Overview and Level Annotations

Branches:
Dungeon (4/15)             Temple (0/1) D:4

Altars:
Hepliaklqana
Kikubaaqudgha
Nemelex Xobeh
Trog
Vehumet

Shops:
D:4 (


Innate Abilities, Weirdness & Mutations

You have a pair of small antennae on your head.
You are slightly more attuned to the shadows.
You are partially covered in sharp spines.


Message History

The steel tomahawk hits the ogre but does no damage.
Throwing (i - inventory):
s - a steel tomahawk (quivered)
Press: ? - help, Shift-Dir - straight line, f/p - ogre
Aim: an ogre, wielding a giant club You throw a steel tomahawk.
The steel tomahawk closely misses the ogre.
You hit the ogre.
The ogre is lightly wounded.
The ogre closely misses you.
You hit the ogre.
The ogre is lightly wounded.
The ogre is struck by your spines. The ogre hits you with a giant club!!
You completely miss the ogre.
The ogre is lightly wounded.
The ogre hits you with a giant club!!
* * * LOW HITPOINT WARNING * * *
Your chain mail prevents you from hitting the ogre.
The ogre is lightly wounded.
The ogre is struck by your spines. The ogre hits you with a giant club!!
You die...

#.#...#.# #.#.#
#.###.#.# #.#.# ...#
##..##.#.# #.#.. ....
.......#.###....
...#####..#[#.##.....
#..........#.##.....
#..........#.##.....
#..........#.##...##
#(O@......>..##...#
#..(..........####...##
#.............# #....=
#.............# #.....
#.............# ###...
#....########## ###.
####. #. #. #.


You could see an ogre.

Vanquished Creatures
  Sigmund (D:3)
  A howler monkey (D:4)
  A crimson imp (D:3)
  2 hounds
  An iguana (D:4)
  A bullfrog skeleton (D:4)
  Ijyb (D:2)
  A worker ant (D:4)
  3 adders
  An adder skeleton (D:3)
  5 worms
  A dart slug (D:1)
  4 leopard geckos
  3 orcs (D:3)
  5 giant cockroaches
  4 goblins
  9 hobgoblins
  A jackal (D:2)
  A quokka (D:4)
  10 bats
  4 frilled lizards
  8 kobolds
  8 rats
76 creatures vanquished.

Notes
Turn   | Place    | Note
-------+----------+-------------------------------------------
     0 | Abyss:1  | Gargoyl the Demonspawn Abyssal Knight began the quest for the Orb.
     0 | Abyss:1  | Reached XP level 1. HP: 18/18 MP: 2/2
    63 | Abyss:2  | Noticed a thrashing horror
    64 | Abyss:2  | Noticed a thrashing horror
    65 | D:1      | Escaped the Abyss
   269 | D:1      | Gained mutation: You are partially covered in sharp spines. [demonic ancestry]
   269 | D:1      | Reached XP level 2. HP: 14/24 MP: 3/3
   427 | D:1      | Reached * piety under Lugonu
  1100 | D:2      | Gained mutation: You are slightly more attuned to the shadows. [demonic ancestry]
  1100 | D:2      | Reached XP level 3. HP: 28/29 MP: 5/5
  1380 | D:2      | Noticed Ijyb
  1391 | D:2      | Killed Ijyb
  1597 | D:3      | Found a bloodstained altar of Trog.
  1699 | D:3      | Reached ** piety under Lugonu
  1699 | D:3      | Gained mutation: You have a pair of small antennae on your head. [demonic ancestry]
  1699 | D:3      | Reached XP level 4. HP: 36/36 MP: 6/6
  1730 | D:3      | Reached skill level 1 in Dodging
  2097 | D:3      | Found a sparkling altar of Nemelex Xobeh.
  2221 | D:3      | Reached XP level 5. HP: 41/41 MP: 7/7
  2580 | D:3      | Noticed Sigmund
  2593 | D:3      | Killed Sigmund
  2593 | D:3      | Reached XP level 6. HP: 14/47 MP: 7/9
  2902 | D:4      | Found a staircase to the Ecumenical Temple.
  3040 | D:4      | Found a radiant altar of Vehumet.
  3070 | D:4      | Found an ancient bone altar of Kikubaaqudgha.
  3083 | D:4      | Found Ywaanted's Antique Weapon Shoppe.
  3090 | D:4      | Bought a war axe for 84 gold pieces
  3185 | D:4      | Reached *** piety under Lugonu
  3211 | D:4      | Found a hazy altar of Hepliaklqana.
  3321 | D:4      | Mangled by an ogre

Skill      XL: |  1  2  3  4  5  6 |
---------------+-------------------+-----
Armour         | 2 3 4 |  4.7
Axes           | 2 3 4 |  4.0
Dodging        | 1 |  1.2
Invocations    | 3 4 |  4.3
Fighting       | |  3.7

Action                   |  1- 3 |  4- 6 || total
-------------------------+-------+-------++-------
Melee: Hand axe          |    77 |   107 ||   184
       War axe           |       |    17 ||    17
Throw: Tomahawk          |       |     2 ||     2
Invok: Depart the Abyss  |     1 |       ||     1
  Use: Scroll            |       |     6 ||     6
  Eat: Chunk             |     3 |     5 ||     8
Armor: Leather armour    |    11 |       ||    11
       Chain mail        |    33 |    65 ||    98
Dodge: Dodged            |    33 |    37 ||    70
